 Dungeon Sprint DCSS version 0.20.1-1-g8b1a95d (webtiles) character file.

642 suicidejoker the Unseen (level 12, -8/90 HPs)
             Began as an Octopode Monk on Aug 28, 2017.
             Was the Champion of Cheibriados.
             Mangled by a white ugly thing (31 damage)
             ... in the Dungeon (Sprint VI: "Thunderdome").
             The game lasted 00:10:26 (869 turns).

suicidejoker the Unseen (Octopode Monk)              Turns: 869, Time: 00:10:28

Health: -8/90      AC:  1    Str: 30    XL:     12   Next: 30%
Magic:  26/26      EV: 26    Int: 28    God:    Cheibriados [******]
Gold:   6          SH:  0    Dex: 29    Spells: 31/31 levels left

rFire    . . .     SeeInvis .     - Unarmed
rCold    . . .     Gourm    .   (no shield)
rNeg     . . .     Faith    .   (helmet restricted)
rPois    .         Spirit   .   (no amulet)
rElec    .         Reflect  .   (no ring)
rCorr    .         Harm     .   (no ring)
MR       .....     NoTele   +   (no ring)
Stlth    ++++++++..             (no ring)
Regen    0.3/turn               (no ring)
MPRegen  0.2/turn               (no ring)
                                (no ring)
                                (no ring)

@: lethally poisoned (-8 -> -20), very slow
A: almost no armour, stealthy swim, amphibious, 8 rings, constrict 8, camouflage
1, gelatinous body 1, subdued magic 1
}: 1/15 runes: decaying
a: Bend Time, Temporal Distortion, Slouch, Step From Time, Renounce Religion


You were in the Dungeon.
You worshipped Cheibriados.
Cheibriados was exalted by your worship.
You were not hungry.

You visited 1 branch You collected 960 gold pieces.
You spent 954 gold pieces at shops.

Inventory:

Hand Weapons
 m - a +2 blowgun
Missiles
 l - 4 stones (quivered)
 n - 9 curare-tipped needles
Wands
 c - a wand of lightning (4/15)
 h - a wand of acid (5/15)
 i - a wand of iceblast (5/15)
Scrolls
 g - 4 scrolls of blinking
 j - 3 scrolls of fog
Potions
 b - 8 potions of heal wounds
 d - 4 potions of haste
 e - 2 potions of magic
 f - a potion of berserk rage
Comestibles
 a - a bread ration


   Skills:
 + Level 11.5 Fighting
 + Level 11.4 Dodging
 + Level 15.2 Stealth
 + Level 11.5 Unarmed Combat
 + Level 10.1 Spellcasting
 + Level 7.2 Invocations
 + Level 12.0 Evocations


You had 31 spell levels left.
You didn't know any spells.

Dungeon Overview and Level Annotations

Branches:
Dungeon (1/1)

Altars:
Cheibriados
Dithmenos
Fedhas
Gozag
Kikubaaqudgha
Makhleb
Okawaru
Qazlal
Ru
Sif Muna
Trog
Uskayaw
Vehumet
Xom
Yredelemnul
Zin
The Shining One
Beogh
Jiyva
Lugonu

Shops:
D *[%??*?*:[((!!!!


Innate Abilities, Weirdness & Mutations

You cannot wear most types of armour.
You are very stealthy in the water. (Stealth+)
You are amphibious.
You can wear up to eight rings at the same time.
You can use your tentacles to constrict eight enemies at once.
Your skin changes colour to match your surroundings (Stealth+).
Your rubbery body absorbs attacks. (AC +1, EV +1)
Your spells are a little easier to cast, but a little less powerful.


Message History

The green ugly thing basks in the mutagenic energy from its kin and changes!
You barely miss the white ugly thing. You grab the white ugly thing.
You tentacle-slap the white ugly thing!
The white ugly thing is lightly wounded.
You constrict the white ugly thing. x2
You kill the white ugly thing!
Cheibriados thoroughly appreciates the change of pace.
Your Evocations skill increases to level 12!
You feel sick.
The white ugly thing closely misses you.
You bludgeon the white ugly thing! You squeeze the white ugly thing!
The white ugly thing is heavily wounded.
You constrict the white ugly thing.
You feel sick.
You bludgeon the white ugly thing!
The white ugly thing is severely wounded.
You constrict the white ugly thing.
You feel sick. The white ugly thing kicks you!
* * * LOW HITPOINT WARNING * * *
The white ugly thing freezes you!!
You die...

#_......._# #(......._#
###.........### #⌠((..[......⌠#
######.8(........8.######
##∩___.....u###....).___∩##
###∩........8(# #.8........∩###
##............)###.............##
#⌠..........###u@)###..........⌠#
#⌠......)...# #)<.# #..........⌠#
#⌠..........###...###..........⌠#
##.........)[.[###[............##
###∩........8)# #.8..[.....∩###
##∩___.(....###......___∩##
######.8.........8.######
#⌠.(.........⌠# ###.........###


You could see a white ugly thing.

Vanquished Creatures
  A wizard (D)
  A soul eater (D)
  Sonja (D)
  A sixfirhy (D)
  7 ugly things (D)
  A rust devil (D)
  An orange demon (D)
  A smoke demon (D)
  2 kobold demonologists (D)
  An ice devil (D)
  A hornet (D)
  A spriggan (D)
  A ynoxinul (D)
  A neqoxec (D)
  A phantom (D)
  2 necrophages (D)
  3 big kobolds (D)
  A wight (D)
  Terence (D)
  An adder (D)
  A bat skeleton (D)
  A quokka (D)
  6 kobolds (D)
  A leopard gecko skeleton (D)
39 creatures vanquished.

Notes
Turn   | Place    | Note
-------+----------+-------------------------------------------
     0 | D        | suicidejoker the Octopode Monk began the quest for the Orb.
     0 | D        | Reached XP level 1. HP: 16/16 MP: 1/1
     1 | D        | Found a radiant altar of Vehumet.
     1 | D        | Found an ancient bone altar of Kikubaaqudgha.
     2 | D        | Found a deep blue altar of Sif Muna.
     2 | D        | Found a basalt altar of Yredelemnul.
     3 | D        | Found a sacrificial altar of Ru.
     4 | D        | Found a roughly hewn altar of Beogh.
     4 | D        | Found Devistreng's Staff Store.
     4 | D        | Found Cadghixia's Magic Scroll Shop.
     5 | D        | Found Duemyrgh's Must-Have Magic.
     5 | D        | Found Esif's Magic Scroll Shop.
     5 | D        | Round 1.
     8 | D        | Found an opulent altar of Gozag.
     9 | D        | Found a stormy altar of Qazlal.
    10 | D        | Found a hide-covered altar of Uskayaw.
    11 | D        | Found Zov Coi's Bee Food.
    12 | D        | Found Haqilauwk's Jewellery.
    12 | D        | Found Gases Weuwio's Advanced Armour.
    12 | D        | Found a shimmering altar of Xom.
    12 | D        | Found a glowing silver altar of Zin.
    12 | D        | Found a corrupted altar of Lugonu.
    12 | D        | Found Jutyrel's Identification Station.
    17 | D        | Found a blossoming altar of Fedhas.
    18 | D        | Found a glowing golden altar of the Shining One.
    19 | D        | Found Ryff's Premium Goods.
    20 | D        | Found a bloodstained altar of Trog.
    20 | D        | Found an iron altar of Okawaru.
    20 | D        | Found Myco's Weapon Rack.
    20 | D        | Found Gelyura's Miscellaneous Merchandise.
    20 | D        | Found Plog's Basic Armour.
    24 | D        | Found a snail-covered altar of Cheibriados.
    25 | D        | Found a burning altar of Makhleb.
    26 | D        | Found a viscous altar of Jiyva.
    27 | D        | Found Kutunoit's Do-It-Yourself Clinic.
    28 | D        | Found Zenuin's Bottled Wisdom.
    28 | D        | Found Arecs's Distillery.
    32 | D        | Became a worshipper of Cheibriados the Contemplative
    32 | D        | Reached * piety under Cheibriados
    32 | D        | Reached ** piety under Cheibriados
    36 | D        | Bought 3 potions of heal wounds for 105 gold pieces
    36 | D        | Found a shadowy altar of Dithmenos.
    36 | D        | Found Zen Ren's Distillery.
    37 | D        | Noticed Terence
    49 | D        | Killed Terence
    49 | D        | Reached skill level 4 in Stealth
    49 | D        | Reached skill level 1 in Spellcasting
    49 | D        | Reached XP level 2. HP: 20/22 MP: 1/4
    49 | D        | Reached XP level 3. HP: 24/27 MP: 1/5
    59 | D        | Noticed a phantom
    68 | D        | HP: 1/27 [phantom (8)]
    74 | D        | Reached *** piety under Cheibriados
   121 | D        | Killed a phantom
   121 | D        | Reached **** piety under Cheibriados
   121 | D        | Reached skill level 5 in Fighting
   121 | D        | Reached skill level 6 in Stealth
   121 | D        | Reached XP level 4. HP: 14/35 MP: 7/9
   121 | D        | Reached XP level 5. HP: 16/39 MP: 7/10
   129 | D        | Arena points: 5 (+5) [x1]
   138 | D        | Round 2.
   160 | D        | Noticed a necrophage
   162 | D        | Noticed a necrophage
   167 | D        | Killed a necrophage
   167 | D        | Reached skill level 5 in Dodging
   167 | D        | Reached skill level 7 in Stealth
   167 | D        | Reached skill level 5 in Unarmed Combat
   167 | D        | Reached skill level 5 in Evocations
   172 | D        | Killed a necrophage
   172 | D        | Reached ***** piety under Cheibriados
   172 | D        | Reached skill level 8 in Stealth
   172 | D        | Reached XP level 6. HP: 15/45 MP: 10/13
   184 | D        | Bought 12 stones for 24 gold pieces
   242 | D        | Arena points: 17 (+12) [x1]
   250 | D        | Round 3.
   259 | D        | Reached skill level 5 in Spellcasting
   282 | D        | Noticed a kobold demonologist
   291 | D        | Killed a kobold demonologist
   291 | D        | Reached skill level 9 in Stealth
   291 | D        | Reached XP level 7. HP: 27/53 MP: 13/15
   296 | D        | Reached ****** piety under Cheibriados
   321 | D        | Arena points: 59 (+42) [x2]
   333 | D        | Round 4.
   357 | D        | Reached skill level 10 in Stealth
   383 | D        | Noticed a kobold demonologist
   384 | D        | Noticed a neqoxec
   390 | D        | Noticed Sonja
   395 | D        | Killed a kobold demonologist
   395 | D        | Reached XP level 8. HP: 44/60 MP: 17/17
   400 | D        | Killed Sonja
   400 | D        | Arena points: 143 (+84) [x3]
   400 | D        | Reached skill level 11 in Stealth
   433 | D        | Round 5.
   437 | D        | Noticed a witch
   440 | D        | Noticed a spriggan rider
   454 | D        | Killed a hornet
   454 | D        | Reached XP level 9. HP: 12/67 MP: 18/20
   482 | D        | Killed a witch
   482 | D        | Arena points: 318 (+175) [x5]
   482 | D        | Reached skill level 12 in Stealth
   483 | D        | Got a decaying rune of Zot
   494 | D        | Bought 3 potions of heal wounds for 105 gold pieces
   494 | D        | Bought 3 potions of heal wounds for 105 gold pieces
   495 | D        | Bought a potion of experience for 300 gold pieces
   495 | D        | Reached skill level 10 in Evocations
   495 | D        | Reached XP level 10. HP: 21/75 MP: 22/22
   496 | D        | Reached skill level 10 in Fighting
   496 | D        | Reached skill level 10 in Dodging
   496 | D        | Reached skill level 13 in Stealth
   496 | D        | Reached skill level 10 in Unarmed Combat
   496 | D        | Reached XP level 11. HP: 23/81 MP: 23/23
   635 | D        | Round 6.
   641 | D        | Noticed a sixfirhy
   644 | D        | Killed a sixfirhy
   671 | D        | Gained mutation: Your spells are a little easier to cast, but a little less powerful. [a neqoxec]
   681 | D        | Noticed a soul eater
   698 | D        | Killed a soul eater
   698 | D        | Reached skill level 14 in Stealth
   698 | D        | Reached skill level 5 in Invocations
   718 | D        | Arena points: 642 (+324) [x6]
   718 | D        | Reached XP level 12. HP: 19/89 MP: 13/25
   735 | D        | Bought 3 potions of heal wounds for 105 gold pieces
   735 | D        | Bought 3 potions of heal wounds for 105 gold pieces
   735 | D        | Bought 3 potions of heal wounds for 105 gold pieces
   738 | D        | Round 7.
   859 | D        | Reached skill level 15 in Stealth
   859 | D        | Reached skill level 10 in Spellcasting
   869 | D        | Mangled by a white ugly thing

Skill      XL: |  1  2  3  4  5  6  7  8  9 10 11 12 |
---------------+-------------------------------------+-----
Stealth        | 4 6 8 9 10 11 12 13 14 15 | 15.2
Spellcasting   | 1 3 4 5 6 7 8 9 10 | 10.1
Evocations     | 2 4 5 7 8 10 11 12 | 12.0
Fighting       | 5 6 7 8 9 10 11 | 11.5
Dodging        | 4 6 7 8 9 10 11 | 11.4
Unarmed Combat | 4 6 7 8 9 10 11 | 11.5
Invocations    | 2 3 5 7 |  7.2

Action                   |  1- 3 |  4- 6 |  7- 9 | 10-12 || total
-------------------------+-------+-------+-------+-------++-------
Melee: Unarmed           |    46 |    24 |    34 |    59 ||   163
       Tentacles         |    11 |    14 |     7 |    30 ||    62
       Constrict         |     3 |     8 |     8 |    13 ||    32
       Punch             |     2 |     3 |    10 |    12 ||    27
Throw: Stone             |       |     4 |    10 |     9 ||    23
Invok: Slouch            |       |       |       |     4 ||     4
  Use: Potion            |     4 |       |     4 |    10 ||    18
 Stab: Confused          |       |       |     3 |       ||     3
Armor: Skin              |       |     2 |     3 |     2 ||     7
Dodge: Dodged            |    37 |    12 |    31 |    52 ||   132
